 Dungeon Crawl Stone Soup version 0.29-a0-284-gf9362112df (webtiles) character file.

Game seed: 6730692605617927970

11 Hubjo the Vexing (level 2, -3/20 HPs)
             Began as a Demonspawn Enchanter on Mar 23, 2022.
             Slain by Terence
             ... wielding the +7 Throatcutter {drain, coup de grace}
              (6 damage)
             ... on level 2 of the Dungeon.
             The game lasted 00:00:50 (1223 turns).

Hubjo the Vexing (Demonspawn Enchanter)             Turns: 1223, Time: 00:00:51

Health: -3/20      AC:  3    Str:  8    XL:     2   Next: 13%
Magic:  5/5        EV: 12    Int: 16    God:
Gold:   63         SH:  0    Dex: 13    Spells: 5/5 levels left

rFire   . . .      SeeInvis .   a - +1 dagger
rCold   . . .      Faith    .   (no shield)
rNeg    . . .      Spirit   .   b - +0 robe
rPois   .          Reflect  .   (no helmet)
rElec   .          Harm     .   (no cloak)
rCorr   .          Rampage  .   (no gloves)
Will    .....                   (no boots)
Stlth   ++........              (no amulet)
HPRegen 0.06/turn               (no ring)
MPRegen 0.09/turn               (no ring)

@: no status effects
A: rugged brown scales 1
a: no special abilities


You were on level 2 of the Dungeon.
You visited 1 branch of the dungeon, and saw 2 of its levels.

You collected 63 gold pieces.

Inventory:

Hand Weapons
 a - a +1 dagger (weapon)
Armour
 b - a +0 robe (worn)
Scrolls
 d - a scroll of fear {unknown}
 e - a scroll of vulnerability {unknown}
 f - a scroll of identify {unknown}
 h - a scroll of amnesia {unknown}
Potions
 c - 2 potions of invisibility
 g - a potion of curing


   Skills:
 * Level 0.9 Fighting
 - Level 0.8 Short Blades
 - Level 1.7 Dodging
 * Level 3.0 Stealth
 + Level 2.1 Spellcasting
 + Level 3.1 Hexes


You had 5 spell levels left.
You didn't know any spells.
Your spell library contained the following spells:

 Spells                   Type           Power      Damage    Failure   Level
 Ensorcelled Hibernation  Hex/Ice        12%        N/A       16%         2
 Confusing Touch          Hex            11%        N/A       17%         3
 Tukima's Dance           Hex            11%        N/A       17%         3
 Dazzling Flash           Conj/Hex       12%        N/A       32%         3


Dungeon Overview and Level Annotations

Branches:
Dungeon (2/15)

Altars:

Annotations:
D:2 Terence


Innate Abilities, Weirdness & Mutations

You are partially covered in rugged brown scales. (AC +1, +3% HP)


Message History

The quokka bites you.
* * * LOW HITPOINT WARNING * * *
You hit the dart slug.
You kill the dart slug!
The quokka bites you.
* * * LOW HITPOINT WARNING * * *
Your Stealth skill increases to level 3!
It was a potion of curing.
You feel better.
Terence shouts!
The quokka bites you. The quokka barely misses you.
The quokka bites you but does no damage.
You hit the quokka but do no damage. The quokka closely misses you.
You hit the quokka.
The quokka is moderately wounded.
The quokka closely misses you.
You barely miss the quokka.
The quokka is moderately wounded.
The quokka bites you but does no damage.
You hit the quokka. Your punch misses the quokka.
The quokka is severely wounded.
The quokka closely misses you. The quokka bites you.
* * * LOW HITPOINT WARNING * * *
You closely miss the quokka.
The quokka is severely wounded.
The quokka closely misses you.
You completely miss the quokka.
The quokka is severely wounded.
The quokka bites you.
* * * LOW HITPOINT WARNING * * *
You hit the quokka but do no damage.
The quokka is severely wounded.
Terence closely misses you. The quokka bites you.
* * * LOW HITPOINT WARNING * * *
You closely miss the quokka.
The quokka is severely wounded.
The quokka closely misses you. Terence barely misses you.
You hit the quokka.
You kill the quokka!
Terence hits you with the +7 Throatcutter {drain, coup de grace}.
You die...

### ## ###.. .
...# .#####
#..##......
#........@ .#
#...#... ..#
######.††#.# ...#
.....>.@@..###..<#
#####.#..#..#....#
# #.†........#
#........#
##.#.#...# #..<#
..# #...# .# #....
. .....##


You could see Terence.

Vanquished Creatures
  A dart slug (D:2)
  A hobgoblin (D:1)
  2 kobolds (D:1)
  A quokka (D:2)
  A ball python (D:1)
  A bat (D:1)
  4 frilled lizards (D:1)
  A rat (D:2)
12 creatures vanquished.

Notes
Turn   | Place    | Note
-------+----------+-------------------------------------------
     0 | D:1      | Hubjo the Demonspawn Enchanter began the quest for the Orb.
     0 | D:1      | Reached XP level 1. HP: 13/13 MP: 3/3
  1206 | D:2      | Gained mutation: You are partially covered in rugged brown
                  | scales. (AC +1, +3% HP) [demonic ancestry]
  1206 | D:2      | Reached XP level 2. HP: 11/20 MP: 5/5
  1207 | D:2      | Noticed Terence
  1212 | D:2      | HP: 1/20 [quokka (1)]
  1223 | D:2      | Slain by Terence

Illustrated notes

Levels and vault maps discovered:
D:1:      ncdulo_watergridlock, layout_loops_corners, kennysheep_nondescript
D:2:      layout_basic, uniq_robin, uniq_terence

Skill      XL: |  1  2 |
---------------+-------+-----
Stealth        | 3 |  3.0
Fighting       | |  0.9
Short Blades   | |  0.8
Dodging        | |  1.7
Spellcasting   | |  2.1
Hexes          | |  3.1

Action                   || total
-------------------------++-------
Melee: Dagger            ||    41
  Use: Potion            ||     1
 Stab: Sleeping          ||     5
Armor: Robe              ||     5
Dodge: Dodged            ||    16

Table legend: (Time is in decaauts)
 A = Elapsed time spent in this place.
 B = Non-inter-level travel time spent in this place.
 C = Inter-level travel time spent in this place.
 D = Time resting spent in this place.
 E = Time spent auto-exploring this place.
 F = Levels seen in this place.
 G = Mean time per level.
                   A        B        C        D        E       F      G
               +--------+--------+--------+--------+--------+-----+--------+
         Total |   1222 |   1222 |      0 |      0 |   1044 |   2 |  611.0 |
       Dungeon |   1222 |   1222 |      0 |      0 |   1044 |   2 |  611.0 |
               +--------+--------+--------+--------+--------+-----+--------+

Top non-repeatable levels by time:
     D:1: 1201 daAuts
     D:2: 21 daAuts
